 Dungeon Crawl Stone Soup version 0.31.0-4-g52a2dc7128 (webtiles) character file.

Game seed: 2111702841680605375

67 RancidPinata the Sneak (level 4, -2/33 HPs)
             Began as an Octopode Delver on Jan 22, 2024.
             Was an Initiate of Ru.
             Slain by a gnoll
             ... wielding a +0 spear
             ... led by a gnoll sergeant
              (7 damage)
             ... on level 4 of the Dungeon.
             The game lasted 00:04:23 (421 turns).

RancidPinata the Sneak (Octopode Delver)             Turns: 421, Time: 00:04:24

Health: -2/33      AC:  1    Str: 11    XL:     4   Next: 18%
Magic:  4/4        EV: 13    Int: 12    God:    Ru [......]
Gold:   65         SH:  0    Dex: 15    Spells: 3/3 levels left

rFire   . . .        a - +0 short sword
rCold   . . .        (no shield)
rNeg    . . .        (helmet restricted)
rPois   .            (no amulet)
rElec   .            j - ring of see invisible
rCorr   .            (no ring)
SInv    +            (no ring)
Will    .....        (no ring)
Stlth   +++++        (no ring)
HPRegen 0.25/turn    (no ring)
MPRegen 0.09/turn    (no ring)
                     (no ring)

%: no passive effects
@: no status effects
A: almost no armour, amphibious, 8 rings, camouflage 1, gelatinous body 1,
(nimble swimmer 1), tentacles
a: Renounce Religion


You were on level 4 of the Dungeon.
You worshipped Ru.
Ru was noncommittal.
You visited 2 branches of the dungeon, and saw 4 of its levels.

You collected 65 gold pieces.

Inventory:

Hand Weapons
 a - a +0 short sword (weapon)
Missiles
 h - 6 poisoned darts (quivered)
Magical Staves
 l - a staff of conjuration
Jewellery
 g - an amulet of faith
 j - a ring of see invisible (left tentacle)
Wands
 f - a wand of digging (3)
Scrolls
 b - a scroll of fog
 c - a scroll of revelation
 i - a scroll of fear
 k - a scroll of amnesia {unknown}
Potions
 d - a potion of cancellation {unknown}
 e - a potion of haste
 m - a potion of enlightenment {unknown}


   Skills:
 * Level 3.6 Fighting
 + Level 2.2 Short Blades
 * Level 2.4 Dodging
 + Level 7.7 Stealth


You had 3 spell levels left.
You didn't know any spells.
Your spell library was empty.

Dungeon Overview and Level Annotations

Branches:
Dungeon (6/15)             Temple (1/1) D:5

Altars:
Cheibriados
Fedhas
Gozag
Hepliaklqana
Makhleb
Okawaru
Ru
Sif Muna
Uskayaw
Vehumet
The Shining One

Annotations:
D:5 Dowan, Duvessa


Innate Abilities, Weirdness & Mutations

You cannot wear most types of armour.
You are amphibious.
You can wear up to eight rings at the same time.
Your skin changes colour to match your surroundings (Stealth+).
Your rubbery body absorbs attacks. (AC +1, EV +1)
((You are camouflaged when in or above water. (Stealth+)))
You have tentacles for arms and can constrict up to eight enemies at once.


Message History

An orc comes into view. It is wielding a +0 dagger.
The gnoll shouts!
The gnoll sergeant attacks as it pursues you!
The gnoll sergeant closely misses you.
The gnoll sergeant hits you from afar with a +0 spear.
An orc comes into view. It is wielding a +0 mace.
The gnoll sergeant attacks as it pursues you!
The gnoll sergeant hits you from afar with a +0 spear.
The orc shouts!
The orc attacks as it pursues you! The orc barely misses you.
An orc comes into view. It is wielding a +0 mace.
The orc barely misses you.
Found a potion of haste.
The orc attacks as it pursues you! The orc hits you with a +0 dagger.
The orc attacks as it pursues you! The orc hits you with a +0 dagger.
The orc attacks as it pursues you! The orc closely misses you.
You hit the orc. Your grab misses the orc. You squeeze the orc.
You kill the orc!
Found a red potion.
Found a snail-covered altar of Cheibriados.
Why would you want to do that? Why would you want to do that?
The orc attacks as it pursues you! The orc hits you with a +0 mace.
The orc attacks as it pursues you! The orc closely misses you.
You see here a red potion.
m - a red potion The orc hits you with a +0 mace.
You barely miss the orc. You grab the orc.
You constrict the orc, but do no damage.
The orc hits you with a +0 mace!
* * * LOW HITPOINT WARNING * * *
You hit the orc.
The orc is lightly wounded.
You constrict the orc, but do no damage.
You release your grip on the orc.
The gnoll attacks as it pursues you!
The gnoll hits you from afar with a +0 spear.
* * * LOW HITPOINT WARNING * * *
The orc misses you.
The gnoll hits you from afar with a +0 spear!
You die...

.............##
............##
............#
.....##.....#
.....#####...#
.....###.#...#######
....†.......##.....##
..............§og§..##
..............§§@≈§..#
.....##.......g≈.≈§.§#
..#..#.......§§§§..≈.#
.....).......§≈...§§§#
..........##.§.§_.§§§#
....########.≈≈...§§.#
#o......## #.≈§§§§§≈.#
...o#....###...§.§§..
..g.......!...≈≈.≈≈..


You could see 2 gnolls and an orc.

Vanquished Creatures
  A hound (D:5)
  2 adders (D:5)
  A white imp (D:5)
  4 orcs
  A hobgoblin (D:4)
  A kobold (D:4)
  2 ball pythons (D:4)
12 creatures vanquished.

Notes
Turn   | Place    | Note
-------+----------+-------------------------------------------
     0 | D:5      | RancidPinata the Octopode Delver began the quest for the
                  | Orb.
     0 | D:5      | Reached XP level 1. HP: 16/16 MP: 1/1
     1 | D:6      | Noticed a howler monkey
     1 | D:6      | Noticed an orc wizard
     2 | D:6      | Noticed a black bear
    57 | D:5      | Noticed a jelly
   100 | D:5      | Reached XP level 2. HP: 21/21 MP: 2/2
   127 | D:5      | Reached skill level 7 in Stealth
   127 | D:5      | Reached XP level 3. HP: 26/26 MP: 3/3
   164 | D:5      | Found a staircase to the Ecumenical Temple.
   168 | D:5      | Noticed Duvessa
   168 | D:5      | Noticed Dowan
   174 | D:5      | Reached XP level 4. HP: 32/32 MP: 4/4
   175 | Temple   | Entered the Ecumenical Temple
   185 | Temple   | Became a worshipper of Ru the Awakened
   364 | D:4      | Noticed a gnoll sergeant
   409 | D:4      | Found a snail-covered altar of Cheibriados.
   421 | D:4      | Slain by a gnoll

Illustrated notes

Levels and vault maps discovered:
D:4:      layout_cave_pools, mainiacjoe_overflow_small_starburst,
          kennysheep_mini_moat, serial_shops, nicolae_lakefront_shop,
          uniq_eustachio
D:5:      layout_rooms, minmay_temple_entry_wispy,
          kennysheep_opposing_triangles, uniq_duvessa
D:6:      layout_gridville, nicolae_overflow_crystal_walls, lemuel_round_altar,
          nzn_wu_jian_council_hall, nrook_mini_backslash, st_stairs_8
Temple:   hellmonk_temple_rainy

Skill      XL: |  1  2 |
---------------+-------+-----
Stealth        | 7 |  7.7
Fighting       | |  3.6
Short Blades   | |  2.2
Dodging        | |  2.4

Action                     |  1- 3 |  4- 6 || total
---------------------------+-------+-------++-------
  Melee: Short sword       |     7 |    17 ||    24
         Constrict         |       |     5 ||     5
         Tentacles         |       |     3 ||     3
    Use: Scroll            |       |     1 ||     1
   Stab: Sleeping          |     6 |       ||     6
         Distracted        |     1 |       ||     1
 Armour: Skin              |       |    15 ||    15
  Dodge: Dodged            |       |    17 ||    17
